Get step-by-step instructions on how to execute this build order below. Start the game timer, and the build order will tick by so you can play in parallel with StarCraft on a second screen or mobile device.

Game Time

  0:00

Last Step

  N/A

Next Step

Upcoming Step



Don't want to look back and forth between 2 screens? Try out our Overwolf App, the Spawning Tool Build Advisor to get an in-game overlay with this build!

Complete Build Order

  12  0:00  SCV  
  13  0:12  SCV  
  14  0:17  Supply Depot  
  14  0:24  SCV  
  14  0:27  Refinery  
  15  0:38  SCV  
  16  0:44  Barracks  
  16  0:50  SCV  
  17  1:03  SCV  
  18  1:15  SCV  
  19  1:31  Orbital Command, Reaper  
  20  1:41  Command Center  
  20  1:51  Factory  
  20  1:57  SCV  
  21  2:03  Supply Depot  
  21  2:05  Barracks Reactor  
  21  2:09  SCV  
  22  2:18  Refinery  
  22  2:21  SCV  
  23  2:33  SCV  
  23  2:36  Bunker, Cyclone  
  26  2:43  Marine x2  
  28  2:45  SCV  
  29  2:53  Orbital Command  
  29  2:59  SCV  
  29  3:01  Marine x2  
  31  3:09  Cyclone  
  31  3:11  SCV  
  31  3:20  Marine x2  
  31  3:23  Starport  
  31  3:25  SCV  
  29  3:28  SCV  
  30  3:37  SCV  
  30  3:38  Marine x2  
  33  3:41  SCV  
  33  3:44  Cyclone  
  36  3:49  SCV  
  37  3:55  Marine x2  
  37  3:56  SCV  
  37  3:59  Medivac  
  37  4:00  Supply Depot  
  37  4:02  SCV  
  43  4:08  SCV  
  44  4:15  Marine x2  
  46  4:22  Cyclone, SCV x2  
  46  4:32  Marine x2  
  46  4:33  Viking  
  46  4:34  SCV  
  40  4:45  SCV  
  40  4:54  SCV  
  40  5:00  Marine x2  
  40  5:05  SCV  
  43  5:14  Cyclone  
  43  5:17  SCV  
  46  5:25  SCV  
  47  5:34  SCV  
  45  5:37  Marine  
  45  5:38  SCV  
  45  5:40  Liberator  
  50  5:46  SCV  
  50  5:47  Cyclone  
  53  5:50  SCV  
  52  5:58  SCV, Supply Depot  
  52  6:03  SCV  
  54  6:07  Marine x2  
  54  6:11  SCV  
  55  6:17  SCV  
  51  6:25  Cyclone  
  51  6:27  SCV  
  51  6:31  Marine x2  
  51  6:32  SCV  
  53  6:36  Barracks  
  53  6:37  Barracks  
  53  6:39  SCV  
  54  6:40  Supply Depot  
  54  6:44  SCV  
  57  6:48  Starport Tech Lab  
  57  6:51  SCV  
  54  6:56  SCV  
  54  7:01  Barracks Tech Lab  
  48  7:03  Factory Tech Lab, SCV  
  48  7:08  SCV  
  45  7:16  SCV  
  45  7:19  Stimpack, Marine  
  45  7:20  SCV  
  48  7:23  Engineering Bay  
  48  7:28  Cyclone, SCV  
  49  7:30  Starport Reactor  
  49  7:32  SCV  
  48  7:40  SCV, Marine  
  49  7:44  SCV  
  49  7:47  Marauder  
  49  7:48  Combat Shield, Marine x2  
  54  7:53  Refinery  
  54  7:54  Refinery  
  54  7:56  Missile Turret  
  54  7:57  Missile Turret  
  51  8:02  SCV  
  51  8:04  Marauder  
  51  8:05  SCV  
  51  8:06  Marine x2  
  51  8:07  Siege Tank  
  56  8:14  SCV, Marauder  
  56  8:17  SCV  
  60  8:24  Marine x2  
  60  8:26  Marauder  
  63  8:28  SCV  
  63  8:34  Medivac  
  64  8:35  Medivac, Marine  
  67  8:43  Marine x2  
  67  8:47  Marauder  
  68  8:57  Command Center  
  68  8:58  Marauder  
  68  9:00  Concussive Shells  
  68  9:02  SCV x2  
  71  9:10  Marine  
  71  9:11  Marauder, Marine  
  71  9:15  Widow Mine  
  77  9:21  SCV  
  77  9:24  SCV  
  78  9:33  Barracks x2, Terran Infantry Weapons Level 1  
  78  9:34  Marine x2  
  78  9:35  Marauder, SCV, Medivac  
  85  9:46  Factory Reactor  
  85  9:51  Supply Depot  
  85  9:54  Armory, SCV  
  86  10:08  Medivac, Marine x2, Supply Depot, SCV x2  
  86  10:09  Marauder x2  
  86  10:10  Supply Depot  
  96  10:15  Medivac  
  96  10:20  SCV  
  99  10:26  Marauder, Marine x2  
  99  10:28  SCV  
  102  10:30  Marauder x2  
  102  10:31  Widow Mine x2  
  110  10:36  Barracks Reactor  
  110  10:39  SCV  
  111  10:48  Marine x2, Marauder  
  114  10:50  Orbital Command  
  114  10:51  Marauder x2  
  114  10:53  Widow Mine  
  114  11:07  Marine x2  
  114  11:08  SCV  
  114  11:09  Marauder  
  111  11:11  Widow Mine  
  111  11:13  Marauder x2  
  111  11:16  Widow Mine  
  119  11:21  Marine x2  
  119  11:22  Ghost Academy  
  119  11:24  Marine  
  122  11:25  Supply Depot  
  122  11:26  Medivac  
  122  11:32  Terran Infantry Weapons Level 2  
  124  11:36  Engineering Bay  
  124  11:47  Marauder x3, Medivac  
  124  11:48  Marine  
  133  12:01  Marine  
  133  12:02  Marine x2  
  133  12:03  Widow Mine  
  133  12:05  Widow Mine  
  133  12:06  Marine  
  124  12:08  Marine  
  124  12:09  Marauder x2  
  124  12:19  Orbital Command, Marine  
  124  12:20  Marine x2  
  124  12:22  Supply Depot  
  123  12:24  Supply Depot  
  123  12:26  Marauder  
  125  12:35  Marine  
  125  12:37  Marauder  
  127  12:44  Marauder  
  113  13:01  Marauder  
  113  13:04  Marauder, Marine x2  
  106  13:08  Widow Mine  
  108  13:15  Marine  
  108  13:16  Marauder  
  108  13:17  SCV  
  108  13:19  SCV  
  114  13:20  SCV  
  114  13:27  Marine x2  
  114  13:28  Marine  
  114  13:29  SCV  
  114  13:31  SCV  
  115  13:37  Marauder, Marine x3  
  115  13:38  SCV  
  117  13:42  Medivac x2  
  117  13:44  SCV x2  
  117  13:45  Marine  
  124  13:50  Refinery  
  124  13:51  Marine x2, SCV  
  124  13:55  Marauder  
  129  14:02  Marauder, Marine x2  
  133  14:03  Marine  
  129  14:16  Marauder  
  125  14:19  Marine  
  125  14:20  Marauder, SCV  
  125  14:22  SCV x2  
  127  14:24  Widow Mine x2  
  127  14:26  Marauder, Marine x3  
  131  14:32  SCV  
  131  14:34  SCV x2  
  131  14:37  Marine  
  131  14:38  Marauder  
  137  14:41  Ghost  
  127  14:47  Ghost  
  127  14:48  Marine x3  
  127  14:51  Widow Mine x2  
  133  14:55  Marine, Refinery  
  133  14:58  Ghost  
  131  15:09  Marine  
  131  15:14  SCV x2  
  131  15:15  SCV, Refinery  
  131  15:16  Marine  
  131  15:18  Command Center  
  131  15:19  Supply Depot